 Dungeon Crawl Stone Soup version 0.22-a0-877-g5c4e1af (webtiles) character file.

9 vineage the Skirmisher (level 2, 0/24 HPs)
             Began as a Demonspawn Fighter on July 29, 2018.
             Slain by a frilled lizard (1 damage)
             ... on level 1 of the Dungeon.
             The game lasted 00:00:30 (238 turns).

vineage the Skirmisher (Demonspawn Fighter)          Turns: 238, Time: 00:00:31

Health: 0/24       AC:  6    Str: 16    XL:     2   Next: 3%
Magic:  2/2        EV:  6    Int:  9    God:
Gold:   28         SH:  8    Dex: 12    Spells: 1/1 levels left

rFire    . . .     SeeInvis .   a - +0 war axe
rCold    . . .     Gourm    .   c - +0 shield
rNeg     . . .     Faith    .   b - +0 scale mail
rPois    .         Spirit   .   (helmet restricted)
rElec    .         Reflect  .   (no cloak)
rCorr    .         Harm     .   (no gloves)
MR       .....                  (no boots)
Stlth    ..........             (no amulet)
HPRegen  0.08/turn              (no ring)
MPRegen  0.08/turn              (no ring)

@: no status effects
A: antennae 1
a: no special abilities


You were on level 1 of the Dungeon.
You were not hungry.

You visited 1 branch of the dungeon, and saw 1 of its levels.

You collected 28 gold pieces.

Inventory:

Hand Weapons
 a - a +0 war axe (weapon)
Armour
 b - a +0 scale mail (worn)
 c - a +0 shield (worn)
Scrolls
 g - a scroll of amnesia {unknown}
Potions
 d - 2 potions of might
 e - a potion of curing {unknown}
Comestibles
 f - a ration


   Skills:
 + Level 3.1 Fighting
 * Level 2.1 Axes
 + Level 2.8 Armour
 + Level 2.8 Shields


You had one spell level left.
You didn't know any spells.
Your spell library was empty.

Dungeon Overview and Level Annotations

Branches:
Dungeon (1/15)

Altars:


Innate Abilities, Weirdness & Mutations

You have a pair of small antennae on your head.


Message History

The frilled lizard bites you but does no damage.
The frilled lizard bites you but does no damage.
The frilled lizard barely misses you. The frilled lizard barely misses you.
The frilled lizard bites you.
* * * LOW HITPOINT WARNING * * *
The frilled lizard bites you but does no damage.
You block the frilled lizard's attack.
The frilled lizard bites you but does no damage.
The frilled lizard completely misses you.
You block the frilled lizard's attack. You block the frilled lizard's attack.
The frilled lizard bites you but does no damage.
The frilled lizard barely misses you.
The frilled lizard bites you but does no damage.
The frilled lizard unfolds its giant frill.
The frilled lizard bites you.
* * * LOW HITPOINT WARNING * * *
The frilled lizard bites you.
You die...

....................##.#
...................)##.#
................)...##.#
##############......##.#
#.....†##.##
...............#
#########.###..#
#########.###..#
......l@.......#
#########...#..#
##..#..#######
#...........#
#########..........#
#..................#
#........†.........#
#####..................#
###......................#


You could see a frilled lizard.

Vanquished Creatures
  A bat (D:1)
  A giant cockroach (D:1)
  2 goblins (D:1)
  A hobgoblin (D:1)
  A kobold (D:1)
  A rat (D:1)
7 creatures vanquished.

Notes
Turn   | Place    | Note
-------+----------+-------------------------------------------
     0 | D:1      | vineage the Demonspawn Fighter began the quest for the Orb.
     0 | D:1      | Reached XP level 1. HP: 18/18 MP: 1/1
    74 | D:1      | Gained mutation: You have a pair of small antennae on your head. [demonic ancestry]
    74 | D:1      | Reached XP level 2. HP: 22/24 MP: 2/2
   237 | D:1      | HP: 1/24 [frilled lizard (3)]
   238 | D:1      | Slain by a frilled lizard

Vault maps used:
D:1:      wheals_arrival_shading

Skill      XL: |  1 |
---------------+----+-----
Axes           | 2 |  2.1
Fighting       | |  3.1
Armour         | |  2.8
Shields        | |  2.8

Action                   || total
-------------------------++-------
Melee: War axe           ||    17
Armor: Scale mail        ||    59
Dodge: Dodged            ||    28
Block: Shield            ||    57

Table legend:
 A = Spawn XP
 B = Non-spawn XP
 C = Spawn XP percentage of total XP
 D = Spawn monster count
 E = Non-spawn monster count
 F = Spawn count percentage of total count
 G = Total turns spent on level
                    A         B        C        D         E        F      G
               +---------+---------+-------+---------+---------+-------+---------
         Total |       0 |      13 |   0.0 |       0 |       7 |   0.0 |   238
               +---------+---------+-------+---------+---------+-------+---------
           D:1 |       0 |      13 |   0.0 |       0 |       7 |   0.0 |   238
               +---------+---------+-------+---------+---------+-------+---------
